AoeStats
← ProduktGelenk48

MegaRandom

508922268Analyzed
2v2 RM · 8d ago on Sep 24, 2026· 60m 31s· 4 players
Game mode
Random Map
Map size
Medium (4 player)
Population
200
Speed
Normal
Resources
Standard
Victory
Conquest
Starting age
Dark Age
Ending age
Imperial Age
RankedLock teamsTeams togetherTeam positionsShared explorationLock speedFull tech treeHidden civsTurbo modeCheats
Victory
Defeat
🇩🇪 Mongols · Germany
715
+15
🇩🇪 Teutons · Germany
664
+17
🇷🇺 Bohemians · Russia
720
-17
🇷🇺 Franks · Russia
670
-15
ProduktGelenk48
11:40 Feudal Age
9:58 Loom
11:47 Feudal Age
12:54 Double-Bit Axe
17:01 Castle Age
18:52 Bow Saw
20:14 Scale Barding Armor
22:34 Husbandry
23:15 Horse Collar
25:26 Bloodlines
26:29 Wheelbarrow
27:13 Chain Barding Armor
29:47 Hand Cart
30:52 Elite Skirmisher
34:43 Gold Mining
34:44 Stone Mining
35:55 Heavy Plow
45:03 Imperial Age
43:56 Fletching
44:07 Padded Archer Armor
46:15 Bodkin Arrow
46:20 Padded Archer Armor
48:03 Bracer
48:19 Leather Archer Armor
49:07 Heavy Cavalry Archer
51:16 Parthian Tactics
53:02 Light Cavalry
54:38 Thumb Ring
54:15 Hussar
58:50 Chemistry
58:11 Ballistics
58:52 Conscription
PuppeColt809383
0:33 Loom
12:30 Feudal Age
14:01 Wheelbarrow
14:09 Padded Archer Armor
13:59 Fletching
23:08 Castle Age
22:55 Forging
22:45 Scale Mail Armor
24:29 Iron Casting
24:28 Hand Cart
24:33 Chain Mail Armor
26:20 Horse Collar
26:35 Double-Bit Axe
29:43 Elite Skirmisher
31:38 Leather Archer Armor
36:42 Heavy Plow
36:36 Gold Mining
36:36 Stone Mining
37:00 Bow Saw
42:06 Imperial Age
42:18 Imperial Age
40:01 Heated Shot
41:42 Bodkin Arrow
44:15 Ring Archer Armor
44:57 Plate Mail Armor
45:28 Blast Furnace
45:02 Crop Rotation
44:55 Elite Teutonic Knight
46:11 Hoardings
Loli drinks vodka ☭
10:58 Feudal Age
20:31 Castle Age
18:53 Fletching
21:42 Pikeman
32:23 Ordonnance Companies
33:35 Bodkin Arrow
34:13 Gold Mining
36:45 Elite Skirmisher
42:36 Padded Archer Armor
Noobburner
4:16 Loom
14:18 Feudal Age
18:01 Double-Bit Axe
20:09 Fletching
23:11 Castle Age
24:06 Bodkin Arrow
28:11 Wheelbarrow
27:28 Horse Collar
33:24 Bow Saw
36:50 Murder Holes
38:26 Ballistics
41:23 Chemistry
41:55 Padded Archer Armor
44:26 Hand Cart
44:50 Guard Tower
51:06 Masonry
55:09 Imperial Age
53:43 Heavy Plow
55:40 Elite Skirmisher
56:58 Bracer
57:21 Crossbowman
58:30 Conscription
57:58 Arbalester
Connection lost

Rejoining the realm…

Still unreachable

The connection could not be restored.

Session expired

The server has moved on; the page needs a fresh start.